 Dungeon Crawl Stone Soup version 0.25.1-11-g244df3a29b (webtiles) character file.

Game seed: 9673475934729813209

2236 DeepDeath the Cleaver (level 9, -1/120 HPs)
             Began as a Deep Dwarf Berserker on Dec 24, 2023.
             Was a Follower of Trog.
             Slain by Harold
             ... wielding a +0 halberd
              (14 damage)
             ... on level 7 of the Dungeon.
             The game lasted 00:19:52 (4441 turns).

DeepDeath the Cleaver (Deep Dwarf Berserker)        Turns: 4441, Time: 00:19:53

Health: -1/120     AC:  9    Str: 27    XL:     9   Next: 14%
Magic:  10/10      EV: 12    Int:  8    God:    Trog [*.....]
Gold:   142        SH:  0    Dex: 15    Spells: 8/8 levels left

rFire    . . .     SeeInvis .   w - +1 hand axe (flame)
rCold    . . .     Gourm    .   (no shield)
rNeg     . . .     Faith    .   I - +0 leather armour
rPois    .         Spirit   .   (no helmet)
rElec    .         Reflect  .   (no cloak)
rCorr    .         Harm     .   z - +1 pair of gloves
MR       +....                  (no boots)
Stlth    ..........             (no amulet)
HPRegen  0.00/turn              y - +6 ring of strength
MPRegen  0.12/turn              F - +4 ring of protection

@: berserking, marked, non-regenerating, hasted, drained, very quick
A: damage resistance, heal wounds, sense surroundings 2, no regeneration
a: Heal Wounds, Berserk, Renounce Religion


You were on level 7 of the Dungeon.
You worshipped Trog.
Trog was aware of your devotion.
You were hungry.

You visited 1 branch of the dungeon, and saw 6 of its levels.

You collected 142 gold pieces.

Inventory:

Hand Weapons
 a - a +1 hand axe
 o - a +2 vorpal mace
 s - a +5 flail of protection
 w - a +1 hand axe of flaming (weapon)
 x - a +0 war axe
 G - a +0 war axe
Missiles
 d - 42 bolts
 f - 107 stones
 l - a poisoned dart (quivered)
 p - 13 boomerangs
 t - 41 arrows
Armour
 z - a +1 pair of gloves (worn)
 H - a +0 plate armour
 I - a +0 leather armour (worn)
Jewellery
 y - a +6 ring of strength (left hand)
 F - a +4 ring of protection (right hand)
Wands
 i - a wand of random effects (14)
 k - a wand of flame (16)
Scrolls
 g - 2 scrolls of teleportation
 n - a scroll of remove curse
 D - a scroll of fear
Potions
 j - a potion of cancellation {unknown}
 m - a potion of curing {unknown}
 r - a potion of heal wounds
 u - a potion of stabbing {unknown}
 A - a potion of lignification {unknown}
 C - 2 potions of invisibility {unknown}
Comestibles
 b - 2 chunks of flesh
 c - 8 rations


   Skills:
 + Level 4.8(3.6) Fighting
 * Level 10.9(9.5) Axes
 - Level 3.0(1.9) Throwing
 - Level 5.0(3.8) Armour
 - Level 3.0(1.9) Dodging
 - Level 2.0(0.9) Evocations


You had 8 spell levels left.
You didn't know any spells.
Your spell library was empty.

Dungeon Overview and Level Annotations

Branches:
Dungeon (5/15)
 Temple: D:4-7

Altars:
The Shining One

Shops:
D:5 (

Annotations:
D:3 3 runed translucent doors, AylatheWolf's ghost, amateur MiFi
D:4 2 transporters, eliilek's ghost, amateur DsAK
D:7 Harold; Joseph; Pikel


Innate Abilities, Weirdness & Mutations

You are resistant to damage.
You can heal yourself by infusing magical energy.
You passively map the area around you.
You do not regenerate.


Message History

Unknown command.
You slash Harold! You burn Harold.
Harold is lightly wounded.
You hit Joseph. You burn Joseph. You closely miss Pikel.
Harold yells, "I don't have all day!"
Harold hits you with a +0 halberd!!
* * * LOW HITPOINT WARNING * * *
Unknown command.
You barely miss Harold.
Harold is lightly wounded.
Your leather armour prevents you from hitting Joseph.
You closely miss Pikel.
Joseph hits you with a +3 quarterstaff of protection!
* * * LOW HITPOINT WARNING * * *
Pikel hits you but does no damage.
You hit Harold. You burn Harold.
Harold is lightly wounded.
You barely miss Pikel. You slash Joseph! You burn Joseph.
Harold hits you with a +0 halberd!
You die...

** * * , , , * * , * *
*, * , *, **, , , ** ,
. , * * * * ,..## , ,*
* , ..... ##### *,,
,.....Z### ##...## ,
.#..§5K###.....## ,
.....§p@@@§).....# **
*, ,
..#.<§§###§......# , ,
#....*
#.......######## , , ,
#....
*##.............# , ,
#....,
#.......####...# ,
,,#.... .........#
##.### ,
,#.........(....###..#
* * *
,.........#....## ,
,#......#..####


You could see Harold, Joseph, Pikel, a slave and a crimson imp.

Vanquished Creatures
  A hippogriff (D:7)
  Menkaure (D:5)
  Edmund (D:4)
  An orc warrior (D:5)
  3 slaves (D:7)
  An ice beast (D:7)
  A phantom (D:5)
  A centaur (D:5)
  An ogre (D:4)
  A crocodile (D:7)
  2 bullfrogs (D:7)
  3 wights (D:7)
  3 vampire bats (D:3)
  A crimson imp (D:7)
  3 howler monkeys
  A quasit (D:7)
  A centaur zombie (D:7)
  3 hounds
  A jelly (D:5)
  8 orc wizards
  4 orc priests
  A bullfrog skeleton (D:2)
  An iguana (D:7)
  2 worker ants
  2 worker ant zombies
  3 gnolls (D:2)
  2 adders (D:3)
  A shadow imp (D:5)
  A white imp (D:4)
  2 oozes
  2 worms
  2 dart slugs (D:1)
  2 leopard geckos (D:5)
  6 orcs
  4 giant cockroaches
  6 goblins
  6 hobgoblins
  9 jackals
  16 bats
  9 frilled lizards
  2 goblin skeletons (D:4)
  2 hobgoblin zombies (D:4)
  9 kobolds
  A kobold skeleton (D:4)
  A kobold zombie (D:4)
  An orc zombie (D:4)
  8 rats
143 creatures vanquished.

Notes
Turn   | Place    | Note
-------+----------+-------------------------------------------
     0 | D:1      | DeepDeath the Deep Dwarf Berserker began the quest for the
                  | Orb.
     0 | D:1      | Reached XP level 1. HP: 20/20 MP: 1/1
   243 | D:1      | Reached XP level 2. HP: 24/27 MP: 2/2
   281 | D:1      | Reached skill level 4 in Axes
   359 | D:1      | Reached ** piety under Trog
   396 | D:1      | Reached XP level 3. HP: 19/34 MP: 3/3
   807 | D:2      | Reached skill level 5 in Axes
  1024 | D:2      | Reached XP level 4. HP: 19/42 MP: 4/4
  1642 | D:3      | Reached skill level 6 in Axes
  1829 | D:3      | Found a runed translucent gate.
  1829 | D:3      | Found a runed translucent gate.
  1829 | D:3      | Found a runed translucent gate.
  1860 | D:3      | Reached XP level 5. HP: 40/49 MP: 5/5
  2042 | D:3      | Reached skill level 7 in Axes
  2050 | D:3      | Reached XP level 6. HP: 33/56 MP: 6/6
  2513 | D:3      | Noticed AylatheWolf's ghost (amateur MiFi)
  2794 | D:4      | Reached skill level 1 in Evocations
  2893 | D:4      | Reached skill level 1 in Throwing
  2935 | D:4      | Reached XP level 7. HP: 32/62 MP: 8/8
  3051 | D:4      | Found a glowing golden altar of the Shining One.
  3148 | D:4      | Found a transporter.
  3149 | D:4      | Noticed eliilek's ghost (amateur DsAK)
  3150 | D:4      | Found a transporter.
  3151 | D:4      | Identified the +2 great mace of Zefoil {elec, Int+4}
  3325 | D:4      | Reached skill level 8 in Axes
  3690 | D:5      | Entered Level 5 of the Dungeon
  3809 | D:5      | Noticed Menkaure
  3889 | D:5      | Noticed Edmund
  3901 | D:4      | Killed Edmund
  3901 | D:4      | Reached skill level 9 in Axes
  3901 | D:4      | Reached XP level 8. HP: 72/72 MP: 9/9
  3944 | D:5      | Killed Menkaure
  4162 | D:5      | Reached skill level 10 in Axes
  4206 | D:5      | Found Fithros's Weapon Boutique.
  4206 | D:5      | You fall into a shaft and drop 2 floors!
  4206 | D:7      | Noticed a hippogriff
  4223 | D:7      | Killed a hippogriff
  4323 | D:7      | Gained mutation: You passively map the area around you.
                  | [Deep Dwarf growth]
  4323 | D:7      | Reached XP level 9. HP: 60/79 MP: 10/10
  4347 | D:7      | Noticed Pikel
  4350 | D:7      | Noticed Harold
  4383 | D:7      | Reached skill level 5 in Armour
  4399 | D:7      | Noticed Joseph
  4441 | D:7      | Slain by Harold

Illustrated notes

Levels and vault maps discovered:
D:1:      matt_arrival_spirals, layout_loops_ring
D:2:      layout_basic, first_ration
D:3:      wad_lake_hut, layout_basic, gammafunk_ghost_icy, st_stairs_13,
          roderic_batcave
D:4:      layout_loops_ring, gammafunk_ghost_smash, nicolae_tso_besieged_by_evil
D:5:      layout_cave_pods, serial_shops, shop, minmay_lizard_king,
          uniq_grinder, uniq_sigmund, uniq_edmund, uniq_menkaure
D:7:      layout_rooms, nicolae_ossuary_entry_ruins, uniq_pikel,
          uniq_crazy_yiuf_cottage, uniq_harold, uniq_joseph

Skill      XL: |  1  2  3  4  5  6  7  8  9 |
---------------+----------------------------+-----
Axes           | 4 5 6 7 9 10 | 10.9
Fighting       | 3 4 |  4.8
Evocations     | 2 |  2.0
Throwing       | 1 2 3 |  3.0
Armour         | 3 4 5 |  5.0
Dodging        | 3 |  3.0

Action                   |  1- 3 |  4- 6 |  7- 9 || total
-------------------------+-------+-------+-------++-------
Melee: Hand axe          |   134 |   153 |   228 ||   515
Throw: Stone             |     3 |     2 |       ||     5
       Dart              |       |     8 |     5 ||    13
Invok: Trog's Hand       |     4 |     5 |    17 ||    26
       Berserk           |       |     3 |     5 ||     8
 Abil: Heal Wounds       |       |       |     1 ||     1
Evoke: Wand              |     2 |       |     4 ||     6
  Use: Scroll            |     1 |     5 |     8 ||    14
       Potion            |       |       |     4 ||     4
 Stab: Sleeping          |       |     2 |     2 ||     4
       Distracted        |       |     1 |       ||     1
       Paralysed         |       |       |     4 ||     4
  Eat: Chunk             |     1 |     9 |    15 ||    25
       Ration            |       |     1 |       ||     1
Armor: Animal skin       |    23 |    38 |    20 ||    81
       Leather armour    |       |       |    36 ||    36
Dodge: Dodged            |    96 |   109 |   133 ||   338
